 Dungeon Crawl Stone Soup version 0.28.0-45-g0d030f2227 (webtiles) character file.

Game seed: 14195993512564590503

102 NinjaNoafa the Shield-Bearer (level 4, -1/40 HPs)
             Began as a Minotaur Fighter on Apr 5, 2022.
             Slain by a goblin
             ... wielding a +0 club
             ... led by Robin
              (3 damage)
             ... on level 3 of the Dungeon.
             The game lasted 00:03:21 (1820 turns).

NinjaNoafa the Shield-Bearer (Minotaur Fighter)     Turns: 1820, Time: 00:03:21

Health: -1/40      AC:  7    Str: 23    XL:     4   Next: 50%
Magic:  12/12      EV:  9    Int:  5    God:
Gold:   64         SH:  4    Dex:  9    Spells: 3/3 levels left

rFire   . . .      SeeInvis .   a - +0 long sword
rCold   . . .      Faith    .   c - +0 buckler
rNeg    . . .      Spirit   .   b - +0 scale mail
rPois   .          Reflect  .   (helmet restricted)
rElec   .          Harm     .   (no cloak)
rCorr   .          Rampage  .   (no gloves)
Will    .....                   (no boots)
Stlth   ..........              (no amulet)
HPRegen 0.13/turn               i - ring of magical power
MPRegen 0.13/turn               (no ring)

@: mighty
A: horns 2, retaliatory headbutt
a: no special abilities


You were on level 3 of the Dungeon.
You visited 1 branch of the dungeon, and saw 3 of its levels.

You collected 64 gold pieces.

Inventory:

Hand Weapons
 a - a +0 long sword (weapon)
Armour
 b - a +0 scale mail (worn)
 c - a +0 buckler (worn)
Jewellery
 i - a ring of magical power (left hand)
Scrolls
 e - 4 scrolls of amnesia {unknown}
 f - a scroll of blinking {unknown}
 g - a scroll of identify {unknown}
 j - a scroll of vulnerability {unknown}
 k - a scroll of teleportation {unknown}
Potions
 d - a potion of might
 h - a potion of invisibility {unknown}
 l - a potion of curing {unknown}


   Skills:
 + Level 4.2 Fighting
 + Level 4.2 Long Blades
 + Level 4.2 Armour
 + Level 4.4 Shields


You had 3 spell levels left.
You didn't know any spells.
Your spell library contained the following spells:

 Spells                   Type           Power      Damage    Failure   Level
 Corpse Rot               Necr/Air       0%         N/A       95%         2
 Poisonous Vapours        Pois/Air       0%         N/A       95%         2
 Conjure Flame            Conj/Fire      0%         6-21      99%         3
 Ignite Poison            Fire/Tmut/Pois 0%         N/A       99%         3
 Sticky Flame             Conj/Fire      0%         2d3       100%        4


Dungeon Overview and Level Annotations

Branches:
Dungeon (3/15)

Altars:
Sif Muna

Annotations:
D:3 Robin


Innate Abilities, Weirdness & Mutations

You have a pair of horns on your head.
You reflexively headbutt those who attack you in melee.


Message History

Robin of the Strong Arm comes into view.
They are wielding a +0 dagger of electrocution.
The goblin shouts!
You hear a shout! x3
A goblin comes into view. It is wielding a +0 club.
Robin roars a battlecry!
The goblins go into a battle-frenzy!
A hobgoblin comes into view.
You feel very mighty all of a sudden.
The goblin shouts!
You hear a shout! x2
A goblin comes into view.
It is wielding a +0 dagger of protection.
A hobgoblin comes into view.
The hobgoblin shouts!
A goblin comes into view. It is wielding a +0 club.
A goblin comes into view. It is wielding a +0 dagger.
You slash the goblin!
You kill the goblin!
The goblin closely misses you.
You slice the goblin!!
You kill the goblin!
The goblin hits you with a +0 club.
A hobgoblin comes into view.
The goblin barely misses you. You furiously retaliate!
You headbutt the goblin!
You kill the goblin!
A goblin and a kobold come into view.
A goblin comes into view. It is wielding a +0 club.
A goblin comes into view. It is wielding a +0 dagger.
The hobgoblin barely misses you.
Things that are here:
a +0 dagger; a +0 dagger You closely miss the hobgoblin.
Robin hits you but does no damage.
You are electrocuted!
The hobgoblin hits you. Robin closely misses you.
You slash the hobgoblin!
You kill the hobgoblin!
Robin hits you but does no damage.
You barely miss the kobold. You headbutt the kobold.
You kill the kobold!
You closely miss the goblin. The goblin hits you with a +0 club.
Robin hits you but does no damage.
You are electrocuted!
* * * LOW HITPOINT WARNING * * *
The goblin hits you with a +0 club.
You die...

#.# #.# #.# # #.# . #.#
###########.# ###
.........##.#######g....
..†....#.##.....@gggg...
######.#.......)g#gg###.
#.#.########g#.#
#####.#†# .# ..
........# .# ##
#####.#.# .# #.#.# .#
#.#.# .# #.#.#


You could see Robin, 2 hobgoblins and 6 goblins.

Vanquished Creatures
  2 adders (D:2)
  2 worms (D:2)
  4 dart slugs
  2 ball pythons
  5 endoplasms
  A giant cockroach (D:1)
  5 goblins
  8 hobgoblins
  7 jackals
  5 quokkas
  10 bats
  8 frilled lizards
  3 kobolds
  4 rats
66 creatures vanquished.

Notes
Turn   | Place    | Note
-------+----------+-------------------------------------------
     0 | D:1      | NinjaNoafa the Minotaur Fighter began the quest for the
                  | Orb.
     0 | D:1      | Reached XP level 1. HP: 19/19 MP: 0/0
   145 | D:1      | Reached XP level 2. HP: 27/27 MP: 1/1
   456 | D:1      | Reached XP level 3. HP: 32/33 MP: 2/2
  1193 | D:2      | Found a shimmering blue altar of Sif Muna.
  1357 | D:2      | Reached XP level 4. HP: 39/40 MP: 3/3
  1811 | D:3      | Noticed Robin
  1820 | D:3      | HP: 2/40 [Robin/+0 dagger of electrocution (12)]
  1820 | D:3      | Slain by a goblin

Illustrated notes

Levels and vault maps discovered:
D:1:      nicolae_arrival_washed_ashore, layout_loops_cross, serial_bayou,
          serial_bayou_crossing, serial_bayou_shore_a, serial_bayou_ford_a,
          serial_bayou_pond_d, nicolae_concentric_dashed_squares_mild,
          chequers_avenue
D:2:      layout_loops_cross, basic_altar, minmay_misc_feat_diagonals,
          minmay_pentomino_z2
D:3:      layout_loops_ring, ebering_ecumenical_altar_abandoned, uniq_robin,
          uniq_natasha

Skill      XL: |  1  2  3 |
---------------+----------+-----
Fighting       | 4 |  4.2
Armour         | 4 |  4.2
Shields        | 4 |  4.4
Long Blades    | 3 4 |  4.2

Action                   |  1- 3 |  4- 6 || total
-------------------------+-------+-------++-------
Melee: Long sword        |   101 |    24 ||   125
       Headbutt          |     9 |     3 ||    12
  Use: Potion            |       |     1 ||     1
Armor: Scale mail        |    60 |    11 ||    71
Dodge: Dodged            |    51 |    18 ||    69
Block: Buckler           |    32 |     4 ||    36
